AoeStats
← Bananaman651

African Clearing

510437889Analyzed
4v4 RM · 2d ago on Oct 1, 2026· 50m 7s· 8 players
Game mode
Random Map
Map size
Large (8 player)
Population
200
Speed
Normal
Resources
Standard
Victory
Conquest
Starting age
Dark Age
Ending age
Imperial Age
RankedLock teamsTeams togetherTeam positionsShared explorationLock speedFull tech treeHidden civsTurbo modeCheats
Victory
Defeat
🇵🇪 Wu · Peru
1654
+9
🇨🇱 Saracens · Chile
1587
+12
🇧🇷 Malay · Brazil
1531
+14
🇦🇷 Vietnamese · Argentina
1524
+14
🇵🇹 Georgians · Portugal
1641
-18
🇺🇸 Maya · United States
1516
-13
🇺🇸 Poles · United States
1409
-9
🇨🇿 Huns · Czechia
1407
-9
Lauti
9:32 Loom
12:37 Feudal Age
13:06 Double-Bit Axe
17:03 Fletching
17:14 Padded Archer Armor
18:59 Wheelbarrow
22:49 Castle Age
20:40 Horse Collar
23:49 Bow Saw
23:37 Bodkin Arrow
23:20 Crossbowman
24:02 Gold Mining
27:00 Ballistics
33:13 Hand Cart
37:16 Imperial Age
35:48 Leather Archer Armor
35:39 Thumb Ring
37:07 Heavy Plow
36:58 Stone Mining
39:17 Chemistry
39:00 Bracer
39:30 Ring Archer Armor
38:24 Arbalester
43:09 Two-Man Saw
42:39 Crop Rotation
42:46 Stone Shaft Mining
43:08 Siege Engineers
46:16 Elite Skirmisher
47:17 Imperial Skirmisher
letmebelieve
3:54 Loom
12:16 Feudal Age
13:57 Double-Bit Axe
19:04 Fletching
22:47 Castle Age
21:26 Padded Archer Armor
23:03 Gold Mining
23:00 Crossbowman
23:58 Bodkin Arrow
27:27 Ballistics
32:09 Thumb Ring
40:48 Wheelbarrow
42:35 Hand Cart
42:55 Horse Collar
47:18 Imperial Age
45:38 Town Watch
46:11 Leather Archer Armor
46:14 Elite Skirmisher
48:01 Bracer
48:31 Ring Archer Armor
49:03 Chemistry
48:44 Conscription
48:49 Arbalester
48:52 Imperial Skirmisher
49:06 Arbalester
EXILE | TurtleS3
11:02 Loom
11:06 Loom
14:01 Feudal Age
15:11 Double-Bit Axe
17:41 Castle Age
16:24 Scale Mail Armor
17:12 Forging
17:27 Arson
17:28 Horse Collar
21:28 Man-at-Arms
23:24 Squires
25:54 Chain Mail Armor
26:15 Long Swordsman
29:01 Fletching
31:22 Bodkin Arrow
34:28 Wheelbarrow
34:19 Gold Mining
36:42 Iron Casting
37:07 Bow Saw
38:31 Hand Cart
39:18 Stone Mining
39:30 Heavy Plow
43:15 Imperial Age
40:33 Town Watch
44:31 Plate Mail Armor
45:01 Blast Furnace
44:25 Conscription
44:55 Gold Shaft Mining
44:56 Stone Shaft Mining
44:33 Sitting Tiger
45:47 Two-Man Saw
45:23 Bracer
46:27 Chemistry
46:30 Guilds
45:42 Two-Handed Swordsman
46:33 Champion
GAX | Lux
3:19 Loom
13:13 Feudal Age
12:28 Man-at-Arms
17:30 Double-Bit Axe
26:07 Castle Age
24:10 Horse Collar
24:33 Gold Mining
25:27 Forging
28:07 Scale Barding Armor
28:15 Town Watch
29:04 Husbandry
30:22 Bow Saw
32:40 Wheelbarrow
33:29 Iron Casting
33:52 Heavy Plow
34:42 Gold Shaft Mining
35:37 Stone Mining
36:08 Fletching
42:22 Imperial Age
40:02 Bodkin Arrow
41:53 Hand Cart
43:25 Blast Furnace
44:31 Bracer
45:05 Elite Battle Elephant
49:03 Town Patrol
49:59 Conscription
50:27 Crop Rotation
Zilchland
5:55 Loom
7:08 Loom
12:19 Feudal Age
16:07 Forging
17:03 Scale Barding Armor
19:38 Horse Collar
20:48 Bloodlines
24:17 Castle Age
26:34 Chain Barding Armor
30:21 Double-Bit Axe
30:43 Husbandry
PorT_Strat
11:00 Feudal Age
10:24 Loom
27:30 Fletching
33:05 Castle Age
31:00 Double-Bit Axe
31:49 Horse Collar
Savitar_pt
12:04 Feudal Age
13:14 Double-Bit Axe
13:59 Loom
15:51 Fletching
19:38 Castle Age
18:13 Horse Collar
18:04 Man-at-Arms
19:50 Scale Mail Armor
19:42 Long Swordsman
21:07 Bow Saw
23:32 Squires
24:56 Chain Mail Armor
30:59 Forging
31:40 Gambesons
Bananaman651
11:18 Loom
13:13 Feudal Age
14:40 Double-Bit Axe
18:05 Castle Age
19:15 Bow Saw
23:08 Gold Mining
24:04 Horse Collar
24:27 Fletching
25:22 Wheelbarrow
25:32 Bodkin Arrow
26:13 Padded Archer Armor
26:35 Ballistics
28:18 Hand Cart
29:45 Leather Archer Armor
30:53 Husbandry
31:04 Bloodlines
31:01 Stone Mining
35:28 Imperial Age
34:35 Thumb Ring
35:32 Heavy Cavalry Archer
37:08 Parthian Tactics
37:45 Chemistry
36:49 Bracer
39:06 Conscription
39:01 Masonry
39:44 Pikeman
40:24 Squires
41:01 Elite Skirmisher
Connection lost

Rejoining the realm…

Still unreachable

The connection could not be restored.

Session expired

The server has moved on; the page needs a fresh start.